Map: Ruins of Endion

Players

Siglave - Winner!

  • Race: Zerg Zerg
  • League: Master

Miszu

  • Race: Terran Terran
  • League: Grandmaster

VOD

Have the link to the VOD?

Description

Time

  • Played on: May 26, 2016, 5:42 p.m.
  • Length: 11:38
Show
View Real Time Build Order
Export as new Build Order

Siglave Zerg - Winner!

Build Orders: Hatch First 

Get SALT Encoding   

  12  0:01  Drone  
  13  0:13  Overlord  
  13  0:22  Drone  
  14  0:32  Drone x2  
  16  0:36  Drone  
  17  0:52  Hatchery  
  16  0:57  Drone  
  16  1:01  Extractor  
  16  1:02  Drone  
  17  1:15  Spawning Pool  
  16  1:18  Drone  
  16  1:24  Drone  
  18  1:31  Drone  
  19  1:40  Overlord  
  19  2:01  Metabolic Boost  
  19  2:02  Queen  
  19  2:03  Queen  
  19  2:05  Zergling x2  
  24  2:08  Zergling x2  
  24  2:12  Zergling x2  
  26  2:17  Drone  
  26  2:19  Drone  
  28  2:25  Drone  
  28  2:26  Drone  
  29  2:37  Drone x2  
  29  2:43  Lair  
  31  2:47  Overlord  
  31  2:50  Drone  
  32  2:56  Drone  
  32  2:57  Drone  
  34  2:58  Extractor  
  34  3:01  Extractor  
  32  3:07  Drone  
  32  3:09  Drone  
  32  3:10  Drone  
  32  3:11  Drone x2  
  37  3:14  Drone  
  37  3:17  Drone  
  39  3:28  Drone x2  
  39  3:31  Drone x2  
  43  3:36  Drone  
  44  3:44  Spire  
  44  3:46  Overlord  
  43  3:50  Drone  
  44  4:04  Overlord  
  44  4:05  Drone  
  44  4:09  Drone, Hatchery  
  45  4:11  Drone x2  
  45  4:14  Drone  
  48  4:18  Drone x2  
  48  4:23  Queen  
  52  4:29  Overlord  
  52  4:30  Zergling x4  
  54  4:43  Zergling x4  
  54  4:44  Zergling x2  
  57  4:54  Overlord  
  57  4:57  Mutalisk x5  
  67  5:13  Mutalisk x3  
  73  5:15  Evolution Chamber  
  73  5:16  Evolution Chamber  
  73  5:20  Drone x2  
  73  5:24  Queen  
  73  5:26  Drone x2  
  73  5:27  Drone  
  78  5:33  Drone x2  
  78  5:34  Overlord  
  80  5:42  Roach Warren  
  79  5:44  Drone  
  79  5:46  Zerg Ground Armor Level 1  
  79  5:47  Drone  
  81  5:51  Zerg Missile Weapons Level 1  
  81  5:56  Drone x2  
  83  5:58  Overlord  
  83  5:59  Drone x2  
  85  6:06  Overlord  
  85  6:07  Drone  
  85  6:08  Drone  
  85  6:09  Drone x2  
  87  6:19  Overlord  
  87  6:21  Drone x2  
  89  6:34  Extractor  
  88  6:40  Overlord  
  88  6:42  Glial Reconstitution  
  88  6:44  Roach x10  
  88  6:45  Roach x2  
  108  6:54  Overlord  
  108  6:57  Drone x3  
  108  7:00  Extractor, Hatchery  
  107  7:08  Overlord  
  107  7:09  Roach x2  
  107  7:10  Roach x5  
  121  7:18  Overseer  
  121  7:21  Overlord  
  121  7:24  Roach x4  
  129  7:36  Overlord  
  129  7:37  Zergling x2  
  129  7:38  Zergling x12  
  129  7:41  Ravager x5  
  141  7:50  Roach x2  
  145  7:59  Roach  
  145  8:00  Roach x3  
  151  8:17  Roach x7  
  151  8:18  Roach x2  
  157  8:32  Roach  
  159  8:41  Roach x10, Hatchery  
  149  8:44  Roach  
  149  8:45  Roach  
  154  8:51  Pneumatized Carapace  
  152  8:59  Roach x3  
  152  9:00  Roach  
  152  9:06  Zergling x2  
  152  9:07  Zergling x6  
  150  9:15  Zergling x10  
  139  9:17  Zergling x2  
  139  9:18  Zergling x2  
  139  9:20  Zerg Ground Armor Level 2, Zerg Missile Weapons Level 2  
  124  9:26  Zergling x6  
  127  9:35  Ravager x3  
  130  9:43  Roach  
  130  9:44  Roach x6  
  144  9:47  Zergling x4  
  144  9:48  Zergling x2  
  144  9:49  Extractor  
  146  9:54  Overlord  
  146  9:55  Zergling x8  
  150  10:02  Ravager  
  150  10:03  Roach x3  
  150  10:04  Overlord  
  157  10:14  Roach x6  
  155  10:21  Overlord  
  165  10:28  Roach x6  
  148  10:37  Roach  
  148  10:38  Roach x9  
  162  10:42  Queen  
  162  10:47  Zergling x2  
  162  10:48  Zergling x8  
  164  10:53  Extractor  
  164  10:56  Roach x3  
  169  10:59  Queen  
  168  11:07  Drone  
  168  11:08  Drone x5  
Show
View Real Time Build Order
Export as new Build Order

Miszu Terran 

Build Orders: Reaper Expand, MMM Bio 

Get SALT Encoding   

  12  0:01  SCV  
  13  0:13  SCV  
  14  0:18  Supply Depot  
  14  0:25  SCV  
  15  0:40  SCV  
  15  0:42  Barracks  
  16  0:44  Refinery  
  16  0:52  SCV  
  17  1:04  SCV  
  18  1:17  SCV  
  19  1:29  Orbital Command  
  19  1:30  Reaper  
  20  1:40  Command Center  
  20  1:52  Supply Depot  
  20  1:55  SCV  
  21  2:02  Marine  
  21  2:08  SCV  
  23  2:09  Factory  
  23  2:20  SCV  
  24  2:23  Barracks Reactor  
  24  2:32  SCV  
  25  2:41  Command Center  
  25  2:44  SCV  
  26  2:57  Orbital Command  
  26  2:58  SCV  
  27  3:09  Hellion x2, Barracks Tech Lab  
  27  3:10  SCV  
  32  3:14  Barracks  
  32  3:22  SCV  
  33  3:29  SCV  
  33  3:31  Marine  
  34  3:34  SCV  
  34  3:36  Stimpack  
  34  3:41  SCV  
  36  3:42  Barracks, Factory Reactor  
  36  3:46  Refinery, SCV  
  37  3:49  Marine  
  37  3:53  SCV  
  39  3:56  Supply Depot  
  39  3:58  Orbital Command  
  39  4:03  SCV  
  39  4:05  SCV  
  39  4:09  Marine x2  
  43  4:12  Marauder  
  43  4:15  SCV  
  46  4:17  SCV  
  47  4:27  Marine x2  
  47  4:30  Engineering Bay  
  49  4:33  Engineering Bay, SCV  
  49  4:36  Factory Reactor  
  49  4:37  Starport  
  50  4:39  SCV  
  51  4:45  SCV  
  51  4:50  Refinery  
  51  4:51  Refinery, SCV, Orbital Command  
  53  4:55  Marine x2  
  53  4:57  Terran Infantry Weapons Level 1  
  53  4:58  Terran Infantry Armor Level 1  
  55  5:01  SCV  
  55  5:03  SCV  
  55  5:04  Supply Depot  
  57  5:09  Missile Turret  
  57  5:13  SCV  
  58  5:15  SCV  
  58  5:16  Missile Turret  
  58  5:17  SCV  
  58  5:19  Factory Reactor  
  60  5:25  SCV  
  60  5:26  Supply Depot, Marine  
  60  5:27  Marine  
  60  5:28  SCV  
  64  5:32  SCV, Missile Turret  
  64  5:33  Missile Turret  
  65  5:37  SCV  
  65  5:38  Combat Shields  
  65  5:40  SCV  
  67  5:45  Medivac  
  67  5:46  Marine x2  
  73  5:52  Medivac  
  73  5:56  Marine x2, Widow Mine x2  
  78  5:58  SCV x2  
  78  5:59  SCV  
  81  6:11  SCV  
  81  6:12  SCV x2  
  81  6:14  Supply Depot x2  
  81  6:17  Barracks  
  81  6:18  Barracks  
  84  6:20  Supply Depot  
  84  6:24  SCV, Armory  
  79  6:52  SCV x3  
  80  7:00  Barracks  
  80  7:01  Barracks  
  80  7:03  Marauder, Marine x2, Barracks  
  80  7:04  SCV  
  80  7:05  Factory Reactor  
  80  7:07  Medivac x2, SCV  
  80  7:08  SCV  
  91  7:09  Barracks Reactor  
  91  7:12  Supply Depot  
  91  7:15  Terran Infantry Weapons Level 2  
  91  7:16  Terran Infantry Armor Level 2, SCV  
  91  7:18  Marine x2  
  91  7:19  SCV  
  91  7:20  Marine, SCV  
  91  7:21  Marine  
  98  7:24  Marauder  
  98  7:26  Supply Depot  
  98  7:28  Barracks Reactor, SCV  
  101  7:35  Supply Depot  
  101  7:36  Marine x2, Factory Tech Lab  
  104  7:44  Supply Depot x2  
  103  7:45  Marine  
  103  7:46  Marine x3, Marauder  
  103  7:47  Supply Depot  
  103  7:48  Barracks Tech Lab  
  103  7:49  Barracks Tech Lab  
  103  7:50  Barracks Tech Lab  
  109  7:52  Medivac x2  
  109  7:57  Marine x2  
  115  8:07  Marauder  
  115  8:09  Marine x6, Marauder x3  
  128  8:15  Marine x2  
  115  8:26  Marine  
  114  8:27  Marine x5  
  114  8:29  Marauder  
  114  8:30  Marine, Marauder x2  
  114  8:33  Marine x2  
  108  8:44  Marine  
  108  8:45  Marine x3  
  108  8:47  Marine  
  108  8:48  Marine x2  
  93  8:50  Marauder  
  93  8:51  Marine x3  
  91  9:02  Marine  
  88  9:03  Marine  
  88  9:08  Concussive Shells  
  87  9:11  Marauder  
  87  9:16  Marine x4  
  77  9:25  Marine  
  77  9:28  Marine x5  
  77  9:29  Marine  
  81  9:33  Marauder  
  82  9:40  Marine x3  
  82  9:41  Marine  
  82  9:42  Missile Turret  
  82  9:43  Marine  
  89  9:46  Marine x2  
  89  9:47  Marine  
  89  9:48  Marine x3  
  89  9:51  SCV x2  
  95  9:53  SCV  
  95  9:54  Marauder  
  98  10:00  Marine  
  98  10:01  Marine  
  98  10:03  Marine, SCV x2  
  98  10:05  SCV  
  98  10:07  Marine  
  104  10:15  Marauder, SCV x2  
  104  10:16  Marine  
  104  10:17  SCV  
  110  10:23  Marine  
  110  10:26  Marine  
  110  10:27  Marine, SCV  
  100  10:37  Marauder  
  99  10:43  Marine x2  
  99  10:44  Marine x4  
  99  10:45  Marine x5  
  103  10:58  Marauder  
  103  11:01  Marine x2  
  103  11:02  Marine x8  
  103  11:03  Marine  
  113  11:19  Marine x2  
  113  11:20  Marine x9  
Tags
 
Add a new tag
Caveats
  • Supply blocks, unpowered buildings, or Contaminate may cause inaccurate times.
  • Supply counts are checked every 10 seconds.